 Dungeon Crawl Stone Soup version 0.30-a0-778-g2ef04afb54 (webtiles) character file.

Game seed: 10334996372255215095

54 PLAYERX the Skirmisher (level 3, -7/28 HPs)
             Began as a Gnoll Wanderer on Feb 16, 2023.
             Mangled by an orc
             ... wielding a +3 flail
              (9 damage)
             ... on level 3 of the Dungeon.
             The game lasted 00:16:40 (1818 turns).

PLAYERX the Skirmisher (Gnoll Wanderer)             Turns: 1818, Time: 00:16:41

Health: -7/28      AC:  6    Str: 12    XL:     3   Next: 91%
Magic:  7/7        EV:  9    Int: 11    God:
Gold:   103        SH:  0    Dex: 12    Spells: 7/7 levels left

rFire   . . .      SeeInvis .    a - +0 quarterstaff
rCold   . . .      Faith    .    (shield currently unavailable)
rNeg    . . .      Spirit   .    c - +0 scale mail
rPois   .          Reflect  .    (no helmet)
rElec   .          Harm     .    (no cloak)
rCorr   .          Rampage  .    (no gloves)
Will    .....                    (no boots) Stlth
                                 (no amulet)
HPRegen 0.24/turn                (no ring)
MPRegen 0.10/turn                (no ring)

@: about to teleport
A: fangs 1, strong nose, distributed training
a: no special abilities


You were on level 3 of the Dungeon.
You visited 1 branch of the dungeon, and saw 3 of its levels.

You collected 103 gold pieces.

Inventory:

Hand Weapons
 a - a +0 quarterstaff (weapon)
 b - a +0 shortbow
Armour
 c - a +0 scale mail (worn)
Scrolls
 e - a scroll of poison {unknown}
 f - a scroll of immolation {unknown}
 h - a scroll of blinking {unknown}
 j - 3 scrolls of enchant armour {unknown}
 l - a scroll of fear {unknown}
 m - a scroll of torment {unknown}
Potions
 g - a potion of cancellation {unknown}
 i - a potion of mutation {unknown}
 k - a potion of curing {unknown}


   Skills:
 + Level 2.7 Fighting
 + Level 1.0 Short Blades
 + Level 1.0 Long Blades
 + Level 1.0 Axes
 + Level 1.0 Maces & Flails
 + Level 1.0 Polearms
 + Level 6.5 Staves
 + Level 8.5 Ranged Weapons
 + Level 1.0 Throwing
 + Level 2.7 Armour
 + Level 1.0 Dodging
 + Level 1.0 Stealth
 + Level 1.0 Shields
 + Level 1.0 Unarmed Combat
 + Level 2.9 Spellcasting
 + Level 0.7 Conjurations
 + Level 0.7 Hexes
 + Level 0.7 Summonings
 + Level 0.7 Necromancy
 + Level 0.7 Translocations
 + Level 0.7 Transmutations
 + Level 0.7 Fire Magic
 + Level 0.7 Ice Magic
 + Level 0.7 Air Magic
 + Level 0.7 Earth Magic
 + Level 0.7 Poison Magic
 + Level 1.1 Invocations
 + Level 1.0 Evocations


You had 7 spell levels left.
You didn't know any spells.
Your spell library was empty.

Dungeon Overview and Level Annotations

Branches:
Dungeon (3/15)

Altars:

Shops:
D:1 (   D:2 [


Innate Abilities, Weirdness & Mutations

You have very sharp teeth.
Your uncanny sense of smell can sniff out nearby items.
Your experience applies equally to all skills.


Message History

You sock the orc!
You kill the orc!
An adder comes into view.
The orc hits you but does no damage. The orc hits you with a +3 flail.
You hit the orc.
The orc is moderately wounded.
The orc barely misses you. The orc hits you with a +3 flail.
You closely miss the orc.
The orc is moderately wounded.
You hit the orc. Your bite misses the orc.
The orc is heavily wounded.
The orc hits you with a +0 dagger. The orc hits you but does no damage.
You barely miss the orc. You bite the orc, but do no damage.
The orc is heavily wounded.
The orc closely misses you. The orc hits you but does no damage.
You hit the orc but do no damage. Your bite misses the orc.
The orc is heavily wounded.
The orc hits you but does no damage. The orc barely misses you.
You barely miss the orc.
The orc is heavily wounded.
The orc misses you. The orc barely misses you.
You hit the orc.
The orc is severely wounded.
The orc misses you. The orc hits you with a +3 flail!
You are too injured to fight recklessly!
You are too injured to fight recklessly!
You are too injured to fight recklessly!
You are too injured to fight recklessly!
You hit the orc.
You kill the orc!
The orc hits you with a +3 flail.
* * * LOW HITPOINT WARNING * * *
You hit the orc but do no damage. The adder bites you but does no damage.
The orc barely misses you. The adder bites you but does no damage.
As you read the scroll of teleportation, it crumbles to dust.
You feel strangely unstable. The orc hits you with a +3 flail.
* * * LOW HITPOINT WARNING * * *
The adder completely misses you. The orc attacks as you move away!
The orc hits you with a +3 flail!
You die...

#.# ...
#.# #.# #
#.# #.#.#
...##.#)#
......S@#
.####.#o#
# #.# #.#
!.. #.#
#.# ≈≈≈
###


You could see an adder and an orc.

Vanquished Creatures
  3 worms (D:2)
  2 orcs (D:3)
  5 endoplasms
  2 giant cockroaches
  2 goblins
  3 hobgoblins (D:1)
  4 jackals (D:2)
  4 kobolds
  3 quokkas
  5 ball pythons
  2 bats (D:1)
  3 frilled lizards (D:1)
  3 rats
41 creatures vanquished.

Vanquished Creatures (others)
  10 plants (D:1)
10 creatures vanquished.

Grand Total: 51 creatures vanquished

Notes
Turn   | Place    | Note
-------+----------+-------------------------------------------
     0 | D:1      | PLAYERX the Gnoll Wanderer began the quest for the Orb.
     0 | D:1      | PLAYERX set off with the following items: a +0 shortbow, a
                  | +0 quarterstaff, a +0 scale mail, a scroll of
                  | teleportation.
     0 | D:1      | Reached XP level 1. HP: 17/17 MP: 4/4
    88 | D:1      | Found Cer Dikh's Weapon Shoppe.
    93 | D:1      | Reached XP level 2. HP: 23/23 MP: 5/5
   802 | D:2      | Reached XP level 3. HP: 28/28 MP: 7/7
   885 | D:2      | Reached skill level 1 in Invocations
   961 | D:2      | Found Dipy's Antique Armour Boutique.
  1079 | D:2      | Reached skill level 1 in Short Blades
  1079 | D:2      | Reached skill level 1 in Long Blades
  1079 | D:2      | Reached skill level 1 in Axes
  1079 | D:2      | Reached skill level 1 in Maces & Flails
  1079 | D:2      | Reached skill level 1 in Polearms
  1079 | D:2      | Reached skill level 1 in Throwing
  1079 | D:2      | Reached skill level 1 in Dodging
  1079 | D:2      | Reached skill level 1 in Stealth
  1079 | D:2      | Reached skill level 1 in Shields
  1079 | D:2      | Reached skill level 1 in Unarmed Combat
  1079 | D:2      | Reached skill level 1 in Evocations
  1425 | D:2      | Found a faded altar of an unknown god.
  1818 | D:3      | Mangled by an orc

Illustrated notes

Levels and vault maps discovered:
D:1:      nzn_arrival_settlement, layout_rooms, serial_shops,
          nicolae_shop_statue_plus, serial_bayou, serial_bayou_pond_d,
          serial_bayou_shore_a, serial_bayou_crossing, serial_bayou_lake_a,
          serial_bayou_lagoon_a
D:2:      layout_basic, serial_shops, nicolae_shop_waterfront,
          nicolae_ecumenical_oubliette, st_stairs_2
D:3:      layout_basic, nicolae_overflow_two_pavilions, grunt_ministairs_14,
          grunt_decor_fettered, grunt_decor_cap, minmay_checkerbox

Skill      XL: |  1  2  3 |
---------------+----------+-----
Invocations    | 1 |  1.1
Short Blades   | 1 |  1.0
Long Blades    | 1 |  1.0
Axes           | 1 |  1.0
Maces & Flails | 1 |  1.0
Polearms       | 1 |  1.0
Throwing       | 1 |  1.0
Dodging        | 1 |  1.0
Stealth        | 1 |  1.0
Shields        | 1 |  1.0
Unarmed Combat | 1 |  1.0
Evocations     | 1 |  1.0
Fighting       | |  2.7
Staves         | |  6.5
Ranged Weapons | |  8.5
Armour         | |  2.7
Spellcasting   | |  2.9
Conjurations   | |  0.7
Hexes          | |  0.7
Summonings     | |  0.7
Necromancy     | |  0.7
Translocations | |  0.7
Transmutations | |  0.7
Fire Magic     | |  0.7
Ice Magic      | |  0.7
Air Magic      | |  0.7
Earth Magic    | |  0.7
Poison Magic   | |  0.7

Action                     || total
---------------------------++-------
  Melee: Quarterstaff      ||   134
         Bite              ||    20
    Use: Scroll            ||     1
 Armour: Scale mail        ||    52
  Dodge: Dodged            ||    61

Table legend: (Time is in decaauts)
 A = Elapsed time spent in this place.
 B = Non-inter-level travel time spent in this place.
 C = Inter-level travel time spent in this place.
 D = Time resting spent in this place.
 E = Time spent auto-exploring this place.
 F = Levels seen in this place.
 G = Mean time per level.
                   A        B        C        D        E       F      G
               +--------+--------+--------+--------+--------+-----+--------+
         Total |   1876 |   1876 |      0 |    126 |   1051 |   3 |  625.3 |
       Dungeon |   1876 |   1876 |      0 |    126 |   1051 |   3 |  625.3 |
               +--------+--------+--------+--------+--------+-----+--------+

Top non-repeatable levels by time:
     D:1: 980 daAuts
     D:2: 880 daAuts
     D:3: 15 daAuts
